[Event "*** Titled Tuesday Blitz"]
[Site "Chess.com"]
[Date "2021.02.02"]
[Round "7"]
[White "Orest_Vovk"]
[Black "GMJustin"]
[Result "1-0"]
[WhiteElo "2466"]
[BlackElo "2307"]
[TimeControl "180+1"]
[EndTime "11:18:39 PST"]
[Termination "Orest_Vovk won on time"]

1. g4 d5 2. h3 e5 3. Bg2 c6 4. d4 exd4 5. Qxd4 Be6 6. c4 dxc4 7. Qxd8+ Kxd8 8. Nf3 Bb4+ 9. Nc3 Nf6 10. O-O Nd5 11. Rd1 Ke7 12. Bd2 Nxc3 13. bxc3 Bc5 14. Ng5 Nd7 15. Bf4 Nb6 16. Rab1 Rad8 17. Ne4 Rxd1+ 18.
Rxd1 Ba3 19. Be3 Nd5 20. Bxa7 b6 21. Rb1 Ra8 22. Bxb6 Nxb6 23. Rxb6 Bd5 24. Rb7+ Kf8 25.
Ng5 h6 26. Bxd5 cxd5 27. Nxf7 Bc5 28. Ne5 1-0

[Event "*** Titled Tuesday Blitz"]
[Site "Chess.com"]
[Date "2021.02.02"]
[Round "7"]
[White "GMMarcinDziuba"]
[Black "isla88"]
[Result "0-1"]
[WhiteElo "2582"]
[BlackElo "2317"]
[TimeControl "180+1"]
[EndTime "11:18:39 PST"]
[Termination "isla88 won by checkmate"]

1. c4 c5 2. Nc3 Nc6 3. g3 g6 4.
Bg2 Bg7 5. Nf3 e5 6. O-O Nge7 7. Ne1 O-O 8. Nc2 d6 9. Ne3 f5 10. a3 h6 11. d3 Be6 12. Ned5 Qd7 13. Rb1 Rae8 14. Bd2 g5 15. b4 b6 16. a4 Bxd5 17.
Nxd5 Nxd5 18. Bxd5+ Kh8 19. a5 e4 20. bxc5 bxc5 21. Qa4 Rc8 22. dxe4 f4 23. a6 Bd4 24. e3 f3 25. Kh1 Qh3 26. Rg1 Ne5 27. g4 Nd3 28. Rg3 Nxf2+ 29. Kg1 Qh4 30. exd4 Nxg4 31. Rxg4 Qxg4+ 32. Kf2 Qg2+ 33. Ke3 Qe2# 0-1

[Event "*** Titled Tuesday Blitz"]
[Site "Chess.com"]
[Date "2021.02.02"]
[Round "7"]
[White "Msb2"]
[Black "Hikaru"]
[Result "0-1"]
[WhiteElo "2907"]
[BlackElo "3176"]
[TimeControl "180+1"]
[EndTime "11:18:40 PST"]
[Termination "Hikaru won by resignation"]

1. d4 e6 2. Bf4 c5 3. e3 Nf6 4. Nf3 d5 5. Nbd2 Nc6 6. c3 Nh5 7. Bg5 f6 8. Bh4 g6 9. Bd3 Qc7 10. Rc1 Be7 11. dxc5 e5 12. Be2 Be6 13. b4 a5 14. a3 O-O 15. O-O g5 16. Bg3 axb4 17.
axb4 Nxg3 18. hxg3 g4 19. Ne1 f5 20. Nd3 Ra3 21.
c4 Rd8 22. Qc2 d4 23. e4 Bg5 24. b5 Na5 25. Ra1 Rc3 26. Qd1 Nxc4 27. Nxc4 Bxc4 28. exf5 e4 29. Nf4 d3 30. Bxg4 Bxf4 31. gxf4 d2 32. Be2 Bb3 33. Qb1 Qxc5 34. Qb2 e3 35.
f3 d1=Q 36. Rfxd1 Bxd1 37. Rxd1 Rxd1+ 38. Kh2 Rd2 0-1

[Event "*** Titled Tuesday Blitz"]
[Site "Chess.com"]
[Date "2021.02.02"]
[Round "7"]
[White "Sam_ChessMood"]
[Black "wonderfultime"]
[Result "0-1"]
[WhiteElo "2835"]
[BlackElo "3015"]
[TimeControl "180+1"]
[EndTime "11:18:41 PST"]
[Termination "wonderfultime won by resignation"]

1. e4 c5 2. Nf3 Nf6 3. e5 Nd5 4. Nc3 e6 5. Ne4 f5 6. Nc3 Ne7 7. Bc4 Nbc6 8. O-O Ng6 9. Re1 a6 10. d3 Be7 11. a4 O-O 12. b3 b6 13. Bb2 Bb7 14. Ne2 Nb4 15. Nd2 Qc7 16. d4 Qc6 17.
Nf3 b5 18. Bd3 c4 19. d5 Nxd5 20. Ned4 Qc7 21. Bf1 c3 22. Bc1 b4 23. Bc4 Bc5 24. a5 h6 25. h4 Qd8 26. g3 Nge7 27. Ne2 Qe8 28. Nf4 Nxf4 29. Bxf4 Nd5 30. Bxd5 Bxd5 31. Nd4 Rc8 32. Re3 Rc7 33. Re1 Qc8 34. Qd3 Ba8 35. Kh2 Qb7 36. Rg1 Qe4 37. Rad1 Qxd3 38. Rxd3 Be4 0-1

[Event "*** Titled Tuesday Blitz"]
[Site "Chess.com"]
[Date "2021.02.02"]
[Round "7"]
[White "Supernotar"]
[Black "LucaBrasi1968"]
[Result "1-0"]
[WhiteElo "2776"]
[BlackElo "2504"]
[TimeControl "180+1"]
[EndTime "11:18:41 PST"]
[Termination "Supernotar won by resignation"]

1. d4 f5 2. c4 Nf6 3. Nf3 e6 4. g3 d5 5. Bg2 Bd6 6. O-O c6 7. b3 Qe7 8. a4 a5 9. Ba3 Na6 10. Bxd6 Qxd6 11. Nbd2 O-O 12. Qc1 b6 13. Qb2 Bb7 14.
Rac1 Rac8 15. e3 c5 16. Rfd1 Rfd8 17. Ne5 Nb4 18. Qb1 Qe7 19. cxd5 Bxd5 20. Bxd5 Nbxd5 21. Ndc4 Qb7 22. dxc5 Rxc5 23. Rd4 Rcc8 24. Qd3 Qc7 25. Rd1 Ne4 26. Rc1 Nc5 27. Qd1 Qb7 28. Nd3 Ne4 29. Nf4 Nc5 30. h4 Qb8 31. Nxe6 Nxe6 32.
Rxd5 Nc5 33. Nd6 Rc6 34. Nxf5 Re8 35. Rd6 Rxd6 36. Nxd6 1-0

[Event "*** Titled Tuesday Blitz"]
[Site "Chess.com"]
[Date "2021.02.02"]
[Round "7"]
[White "joshdaruca"]
[Black "Oleksandr_Bortnyk"]
[Result "1/2-1/2"]
[WhiteElo "2738"]
[BlackElo "2899"]
[TimeControl "180+1"]
[EndTime "11:18:42 PST"]
[Termination "Game drawn by repetition"]

1. Nf3 d5 2. g3 Bf5 3. c4 e6 4. Bg2 Nf6 5. O-O h6 6. cxd5 exd5 7. Qb3 Qc8 8. Nc3 c6 9. d3 Be7 10. e4 dxe4 11. dxe4 Be6 12. Qc2 Na6 13. a3 O-O 14.
b4 Bh3 15. Re1 Bxg2 16. Kxg2 Nc7 17. Bb2 a5 18. Qb3 Qe6 19. Qxe6 Nxe6 20. b5 Nc5 21. e5 Nfd7 22. Nd4 Nd3 23. Re2 Nxb2 24. Rxb2 Nxe5 25. bxc6 bxc6 26. Rc2 Rfd8 27. Nf5 Bf8 28. Ne4 Rac8 29. Nc5 Rd5 30. Rac1 Ng4 31. Nh4 Bxc5 32. Rxc5 Rd2 33. Rxc6 Rxf2+ 34. Kg1 Rxc6 35. Rxc6 Ra2 36. Rc8+ Kh7 37. Rc7 g5 38. Nf5 Nxh2 39. Rxf7+ Kg6 40. Nd6 Rd2 41. Rf6+ Kh5 42. Nc4 Ra2 43. Rf2 Rxf2 44. Kxf2 Ng4+ 45. Kg2 a4 46. Kf3 Nh2+ 47. Kg2 Ng4 48. Kf3 Nh2+ 49. Kg2 Ng4 1/2-1/2

[Event "*** Titled Tuesday Blitz"]
[Site "Chess.com"]
[Date "2021.02.02"]
[Round "7"]
[White "korbul"]
[Black "guillembaches"]
[Result "1-0"]
[WhiteElo "2615"]
[BlackElo "2467"]
[TimeControl "180+1"]
[EndTime "11:18:42 PST"]
[Termination "korbul won on time"]

1. d4 d5 2. Bf4 c5 3. e3 Nc6 4. c3 Qb6 5. Qb3 c4 6. Qc2 e5 7. dxe5 Bf5 8. Qc1 g5 9. Bg3 Bg7 10. Nf3 h5 11. h3 g4 12. hxg4 hxg4 13. Rxh8 Bxh8 14. Nd4 Bg6 15. e6 O-O-O 16. exf7 Bxf7 17.
Qc2 Nxd4 18. cxd4 Bg6 19. Qd2 Nf6 20. Nc3 Ne4 21. Nxe4 Bxe4 22. Be2 Rg8 23. Kf1 Qh6 24.
Kg1 Bf6 25. Qa5 Bd8 26. Qxa7 Qh5 27. Qb8+ Kd7 28. Qxb7+ Ke6 29. Qc8+ Kf7 30. Qd7+ Be7 31. Bd6 1-0

[Event "*** Titled Tuesday Blitz"]
[Site "Chess.com"]
[Date "2021.02.02"]
[Round "7"]
[White "publicaccountcze"]
[Black "mirochka"]
[Result "0-1"]
[WhiteElo "2340"]
[BlackElo "2220"]
[TimeControl "180+1"]
[EndTime "11:18:43 PST"]
[Termination "mirochka won by resignation"]

1. d4 Nf6 2. c4 e6 3. Nc3 d5 4. cxd5 exd5 5. Bg5 Be7 6. e3 c6 7. Bd3 Bg4 8. f3 Bh5 9. Nge2 Bg6 10. O-O Nbd7 11. Bh4 O-O 12. Bf2 c5 13. e4 cxd4 14. Bxd4 Nc5 15. Bxc5 Bxc5+ 16. Kh1 dxe4 17. Nxe4 Nxe4 18.
Bxe4 Bxe4 19. fxe4 Qxd1 20. Raxd1 Rad8 21. Nc3 Bd4 22.
g3 f6 23. Kg2 Rfe8 24. Kf3 Kf7 25. Rfe1 Bxc3 26. bxc3 Rxd1 27. Rxd1 Ke6 28. h4 Rc8 29. Rd3 Rc5 30. Kf4 Ra5 31. Rd2 Ra4 32. g4 b6 33.
g5 f5 34. Rd4 Rxd4 35. cxd4 fxe4 36. Kxe4 g6 37. a4 a6 38. d5+ Kd6 39. Kd4 b5 40. a5 b4 41. Kc4 b3 42. Kc3 Kxd5 43. Kxb3 Kc5 44. Kc3 Kb5 45. Kb3 Kxa5 46. Ka3 Kb5 47. Kb3 Kc5 48. Ka4 Kd5 49. Ka5 Ke5 50. Kxa6 Kf5 51.
Kb5 Kg4 52. Kc4 Kxh4 53. Kd4 Kxg5 54. Ke4 h5 55. Kf3 Kf5 0-1

[Event "*** Titled Tuesday Blitz"]
[Site "Chess.com"]
[Date "2021.02.02"]
[Round "7"]
[White "CraiggoryC"]
[Black "chesslh19"]
[Result "1/2-1/2"]
[WhiteElo "2130"]
[BlackElo "2250"]
[TimeControl "180+1"]
[EndTime "11:18:43 PST"]
[Termination "Game drawn by repetition"]

1. e4 e5 2. Nf3 Nf6 3. Nxe5 d6 4. Nf3 Nxe4 5. Nc3 Nxc3 6. dxc3 Be7 7. Be3 Nc6 8. Qd2 Be6 9. Nd4 Nxd4 10. Bxd4 Bf6 11.
Be2 Qe7 12. O-O O-O 13. Bf3 Bxd4 14. cxd4 d5 15. Rfe1 Qd7 16. Re3 Rfe8 17. Rae1 c6 18. g3 Bf5 19. R1e2 Re6 20. Rxe6 Bxe6 21. Qf4 h6 22. h4 Re8 23. h5 f6 24. c3 Bf7 25.
Rxe8+ Qxe8 26. Qc7 Bxh5 27. Bxh5 Qxh5 28. Qxb7 Qd1+ 29.
Kg2 Qa4 30. Qc8+ Kh7 31. Qf5+ Kg8 32. Qc8+ Kh7 33. Qf5+ Kg8 34. Qc8+ 1/2-1/2

[Event "*** Titled Tuesday Blitz"]
[Site "Chess.com"]
[Date "2021.02.02"]
[Round "7"]
[White "MVM2008"]
[Black "MaxLeto"]
[Result "0-1"]
[WhiteElo "2105"]
[BlackElo "2316"]
[TimeControl "180+1"]
[EndTime "11:18:43 PST"]
[Termination "MaxLeto won on time"]

1. e4 c6 2. d4 Qa5+ 3. Bd2 Qb6 4. Nf3 Qxb2 5. Nc3 Qb6 6. Bc4 e6 7. e5 d5 8. exd6 Bxd6 9. Ne4 Be7 10. c3 Nf6 11.
Bd3 Nxe4 12. Bxe4 Nd7 13. Bd3 c5 14. O-O O-O 15. Qe2 Nf6 16. Ne5 cxd4 17. cxd4 Qxd4 18. Rac1 Bd7 19. Rfd1 Ba4 20. Re1 Rac8 21. Rb1 b6 22.
Bg5 h6 23. Nf3 Qg4 24. Bxf6 Bxf6 25. h3 Qh5 26. Qe4 Rfd8 27. Qh7+ Kf8 28. Bf1 Bc2 29. Qh8+ Ke7 0-1

[Event "*** Titled Tuesday Blitz"]
[Site "Chess.com"]
[Date "2021.02.02"]
[Round "7"]
[White "bocah_sakit"]
[Black "Eltaj_Safarli"]
[Result "1/2-1/2"]
[WhiteElo "2825"]
[BlackElo "2935"]
[TimeControl "180+1"]
[EndTime "11:18:44 PST"]
[Termination "Game drawn by agreement"]

1. e4 e5 2. Nf3 Nc6 3. Bb5 a6 4. Ba4 d6 5. O-O Bd7 6. c3 g6 7. d4 Bg7 8. dxe5 Nxe5 9. Nxe5 dxe5 10. Bb3 Nf6 11. Re1 O-O 12. h3 Bc6 13. Qc2 Qe7 14. Bg5 h6 15. Bh4 g5 16. Bg3 Nh5 17. Bh2 Nf4 18. Nd2 Kh8 19. Rad1 Rad8 20. Nf1 Rxd1 21. Rxd1 f5 22. Ng3 fxe4 23. Nxe4 Rd8 24. Rxd8+ Qxd8 25. f3 Qd3 26. Bxf4 Qxc2 27. Bxc2 exf4 28. Kf2 Bf8 29. b4 Bg7 30. Ke2 Kg8 31. Kd2 Kf8 32.
a4 Ke7 33. Nc5 Kd6 34. Be4 b6 35. Bxc6 bxc5 36. Bb7 cxb4 37. cxb4 c5 38. bxc5+ Kxc5 39. Bxa6 Kb4 40. Bb5 Bc3+ 41. Kd3 Be1 42. Ke4 h5 43. Kf5 h4 44. Kxg5 Bg3 45. Kf5 Ka5 46. Ke4 Kb4 47. Kd3 Ka5 48. Ke2 Kb4 49. Kd2 Ka5 50. Kc3 Be1+ 51. Kc4 Bg3 52. Kc5 Bf2+ 53. Kd5 Bg3 54. Ke4 Kb4 1/2-1/2

[Event "*** Titled Tuesday Blitz"]
[Site "Chess.com"]
[Date "2021.02.02"]
[Round "7"]
[White "MFBerna"]
[Black "IceBelka"]
[Result "0-1"]
[WhiteElo "2494"]
[BlackElo "2387"]
[TimeControl "180+1"]
[EndTime "11:18:45 PST"]
[Termination "IceBelka won by resignation"]

1. e4 c5 2. Nf3 e6 3. d4 cxd4 4.
Nxd4 a6 5. Nc3 Qc7 6. Bd3 Nf6 7. Qe2 d6 8. O-O Be7 9. Be3 b5 10. f4 Bb7 11. a3 Nbd7 12. Kh1 Nc5 13. Bd2 O-O 14. Rae1 Nxd3 15. cxd3 Nd7 16. f5 e5 17.
Nf3 Nf6 18. Bg5 Rfe8 19. Qf2 h6 20. Bh4 d5 21. Bxf6 Bxf6 22. exd5 Qd8 23. d4 exd4 24.
Rxe8+ Qxe8 25. Nxd4 Qd7 26. Rd1 Re8 27. h3 Qd6 28.
Qf3 Bxd4 29. Ne4 Qxd5 30. Nf6+ gxf6 31. Qxd5 Bxd5 32. Rxd4 Bc4 33. Rd6 a5 34. Rxf6 Kg7 35.
Ra6 a4 36. h4 h5 0-1

[Event "*** Titled Tuesday Blitz"]
[Site "Chess.com"]
[Date "2021.02.02"]
[Round "7"]
[White "Vandros57"]
[Black "Moon_stone123"]
[Result "1/2-1/2"]
[WhiteElo "2242"]
[BlackElo "2426"]
[TimeControl "180+1"]
[EndTime "11:18:47 PST"]
[Termination "Game drawn by repetition"]

1. d4 Nf6 2. c4 g6 3. Nc3 Bg7 4. e4 O-O 5. Nf3 d6 6. Be2 c5 7. O-O a6 8. h3 cxd4 9. Nxd4 Nc6 10. Be3 Bd7 11. Rc1 Nxd4 12. Bxd4 Bc6 13. f3 Nd7 14.
Nd5 Bxd4+ 15. Qxd4 Bxd5 16. cxd5 Rc8 17. f4 Qb6 18. Qxb6 Nxb6 19. Kf2 f5 20. Ke3 Rc5 21. b4 Rxc1 22. Rxc1 fxe4 23. Kxe4 Rc8 24. Rxc8+ Nxc8 25. Bg4 Nb6 26. Be6+ Kg7 27. Kd4 Kh6 28. g4 g5 29.
fxg5+ Kxg5 30. Bf5 h6 31. Bc2 Kf4 32. a4 Kg3 33. a5 Na8 34. Bf5 b5 35. Bc8 Nc7 36. Ke4 Kh4 37. Kd4 Kg3 38. Ke4 Kh4 39. Kd4 Kg3 1/2-1/2

[Event "*** Titled Tuesday Blitz"]
[Site "Chess.com"]
[Date "2021.02.02"]
[Round "7"]
[White "GelmanAlexander"]
[Black "SantoBlue"]
[Result "0-1"]
[WhiteElo "2580"]
[BlackElo "2821"]
[TimeControl "180+1"]
[EndTime "11:18:49 PST"]
[Termination "SantoBlue won on time"]

1. d4 Nf6 2. Nc3 g6 3. e4 d6 4. f4 Bg7 5. Nf3 a6 6. e5 Nfd7 7. h4 c5 8. e6 fxe6 9. h5 Nc6 10. Be3 cxd4 11. Nxd4 Nxd4 12. Bxd4 e5 13. fxe5 Nxe5 14.
Be2 Be6 15. Qd2 Qa5 16. O-O-O Rc8 17. a3 b5 18. Kb1 b4 19. Na2 Bxa2+ 20. Kxa2 Qd5+ 21. b3 bxa3 22. hxg6 hxg6 23. Rxh8+ Bxh8 24. c4 Qe4 25. Bf3 Nxf3 26. gxf3 Qxd4 27. Qxd4 Bxd4 28. Rxd4 Rc5 29. Kxa3 Rf5 30. Rg4 Kf8 31. f4 Kf7 32. Kb4 a5+ 33. Kc3 Kf6 34. Kd4 a4 35. bxa4 Ra5 36.
Rg1 Rxa4 37. Rf1 Ra5 38. Ke4 Rc5 39. Kd4 Rf5 40. Rf2 g5 41. fxg5+ Kxg5 42. Re2 Kf6 43. Re1 e6 44. Re2 Rf4+ 45. Kd3 Kf5 46. Re1 Rf3+ 47. Kd4 e5+ 48. Kd5 Rd3+ 49. Kc6 Rd4 50. c5 dxc5 51.
Kxc5 Rd8 52. Kc4 e4 53. Rf1+ Ke5 54. Kc3 e3 55. Kc2 Ke4 56. Rf7 e2 57. Re7+ Kf3 58.
Rf7+ Kg2 59. Rg7+ Kf1 60. Rf7+ Kg1 61. Rg7+ Kf2 62. Rf7+ Ke1 63. Rf6 Rd4 64. Rf7 Rc4+ 65. Kd3 Rc8 66. Re7 Kd1 0-1

[Event "*** Titled Tuesday Blitz"]
[Site "Chess.com"]
[Date "2021.02.02"]
[Round "7"]
[White "JQuiroga18"]
[Black "ShapkinAnatoliy"]
[Result "0-1"]
[WhiteElo "2438"]
[BlackElo "2622"]
[TimeControl "180+1"]
[EndTime "11:18:49 PST"]
[Termination "ShapkinAnatoliy won by resignation"]

1. e4 e5 2. Nf3 Nc6 3. d4 exd4 4. Nxd4 Nf6 5. Nxc6 bxc6 6. e5 Qe7 7. Qe2 Nd5 8.
c4 Ba6 9. b3 g6 10. f4 g5 11.
f5 Bg7 12. Bb2 Qb4+ 13. Nd2 O-O-O 14. a3 Qb6 15. c5 Bxe2 16. cxb6 Bxf1 17. bxa7 Kb7 18.
Rxf1 Ne3 19. f6 Bf8 20. Ke2 Nxf1 21. Rxf1 h6 22. Kf3 d6 23. Nc4 Kxa7 24. Bd4+ Ka6 25.
Re1 d5 26. Ne3 c5 27. Bb2 c6 28. Nf5 Rg8 29. Re3 Kb7 30. Bc1 h5 31. g3 g4+ 32.
Ke2 Rg5 33. Nh4 Re8 34. Kd3 Rgxe5 35. Rxe5 Rxe5 36. Bf4 Re6 0-1

[Event "*** Titled Tuesday Blitz"]
[Site "Chess.com"]
[Date "2021.02.02"]
[Round "7"]
[White "ARTHURMOTIVATOR"]
[Black "ailime26"]
[Result "0-1"]
[WhiteElo "2293"]
[BlackElo "2094"]
[TimeControl "180+1"]
[EndTime "11:18:49 PST"]
[Termination "ailime26 won by resignation"]

1. e4 c5 2. b3 e6 3. Bb2 d5 4. exd5 exd5 5. Nf3 Nf6 6. Bb5+ Nc6 7.
Qe2+ Be7 8. Bxf6 gxf6 9. Nc3 O-O 10. Bxc6 bxc6 11. O-O Kh8 12. Kh1 Rg8 13. Rae1 Bd6 14. Qd3 f5 15. Ne5 Qf6 16. f4 Bb7 17. Ne2 Bxe5 18. fxe5 Qxe5 19. Ng3 Qg7 20. Qxf5 Raf8 21. Re7 Bc8 22. Qf2 Be6 23. Rxa7 d4 24. a4 Bd5 25. Qf6 Re8 26. Qxg7+ Rxg7 27. a5 h5 28. Rf2 Re1+ 29. Nf1 Rxg2 30. Rf5 Rg5+ 0-1

[Event "*** Titled Tuesday Blitz"]
[Site "Chess.com"]
[Date "2021.02.02"]
[Round "7"]
[White "hangemhigh"]
[Black "WilliamSchill"]
[Result "1-0"]
[WhiteElo "2268"]
[BlackElo "1972"]
[TimeControl "180+1"]
[EndTime "11:18:49 PST"]
[Termination "hangemhigh won on time"]

1. Nf3 Nf6 2. g3 g6 3. Bg2 Bg7 4. O-O O-O 5. d4 d6 6. b3 Nbd7 7. Bb2 e5 8. dxe5 Ng4 9. c4 Re8 10. Qc1 Ndxe5 11. Nc3 c6 12. h3 Nxf3+ 13. exf3 Ne5 14.
Rd1 Bf5 15. g4 Be6 16. f4 Nd7 17. Rxd6 Qc7 18. Qd2 Bf8 19. Rd3 Nc5 20. f5 Nxd3 21. Qxd3 Rad8 22. Qf3 Bc8 23. Ne4 Rxe4 24. Qxe4 Bg7 25.
Bxg7 Kxg7 26. Re1 gxf5 27. gxf5 Qd6 28. Re3 Qf6 29. Rg3+ Kf8 30. Qf4 1-0

[Event "*** Titled Tuesday Blitz"]
[Site "Chess.com"]
[Date "2021.02.02"]
[Round "7"]
[White "Oligan22"]
[Black "hypert"]
[Result "1-0"]
[WhiteElo "2515"]
[BlackElo "2376"]
[TimeControl "180+1"]
[EndTime "11:18:51 PST"]
[Termination "Oligan22 won by resignation"]

1. e4 e5 2. Nf3 Nc6 3. Bc4 Bc5 4. c3 Nf6 5. b4 Be7 6. d3 O-O 7. Qe2 d5 8. exd5 Nxd5 9. O-O Bg4 10. h3 Bh5 11. g4 Bg6 12. Nxe5 Nxe5 13. Qxe5 c6 14.
f4 Bf6 15. Qe1 Re8 16. Qd2 Nxc3 17. Nxc3 Qd4+ 18. Kg2 Qxc3 19. Qxc3 Bxc3 20. Rb1 b5 21. f5 bxc4 22. dxc4 Re2+ 23. Rf2 Rxf2+ 24. Kxf2 Bxf5 25. gxf5 Rb8 26. b5 cxb5 27. cxb5 Bd4+ 28. Be3 Bxe3+ 29. Kxe3 Kf8 30. a4 Ke7 31. Kd4 Kd6 32. a5 g6 33.
f6 g5 34. Ke4 Ke6 35. b6 axb6 36. Rxb6+ Rxb6 37. axb6 Kd6 38. Kf5 h6 39. Kg4 Kc6 40. Kh5 Kxb6 41. Kxh6 Kc6 42. Kg7 Kd6 43. Kxf7 Ke5 44.
Kg6 g4 45. hxg4 1-0

[Event "*** Titled Tuesday Blitz"]
[Site "Chess.com"]
[Date "2021.02.02"]
[Round "7"]
[White "IMJonathanCarlstedt"]
[Black "azikom"]
[Result "0-1"]
[WhiteElo "2481"]
[BlackElo "2665"]
[TimeControl "180+1"]
[EndTime "11:18:52 PST"]
[Termination "azikom won by resignation"]

1. d4 d5 2. Bf4 Nf6 3. e3 c6 4. c4 e6 5. Nc3 Nbd7 6. Nf3 Be7 7. cxd5 exd5 8. h4 O-O 9. h5 Re8 10. Bd3 Nf8 11. Ne5 N6d7 12. Qf3 Nxe5 13. Bxe5 Bd6 14. Bxd6 Qxd6 15. h6 g6 16. O-O-O Qe7 17. e4 Be6 18. Kb1 Qg5 19. Rde1 Nd7 20. g3 a6 21. Qg2 dxe4 22. Bxe4 Nf6 23. f4 Qa5 24. Rhf1 Bf5 25. Bxf5 Qxf5+ 26. Ka1 Rad8 27. d5 cxd5 28. Rxe8+ Rxe8 29. Qf2 Qh3 30. Rd1 Qxh6 31. Qd4 Qg7 32. a3 Ne4 33. Qxg7+ Kxg7 34. Nxd5 Nxg3 35. f5 Nxf5 0-1

[Event "*** Titled Tuesday Blitz"]
[Site "Chess.com"]
[Date "2021.02.02"]
[Round "7"]
[White "GameOverBro"]
[Black "Iskusnyh"]
[Result "1/2-1/2"]
[WhiteElo "2441"]
[BlackElo "2598"]
[TimeControl "180+1"]
[EndTime "11:18:53 PST"]
[Termination "Game drawn by repetition"]

1. e4 e6 2. d4 d5 3. Nd2 c5 4.
exd5 exd5 5. Bb5+ Nc6 6. Ngf3 cxd4 7. O-O Bd6 8. Re1+ Ne7 9. Nb3 O-O 10. Nbxd4 Bg4 11.
Be2 Qd7 12. h3 Bh5 13. b3 Rad8 14. Bb2 Bb8 15. Nh2 Bg6 16. Nf1 Nf5 17. Nxf5 Qxf5 18. Bd3 Qf4 19. Bxg6 hxg6 20. Qd2 Qf5 21. Rad1 d4 22.
Ba3 Rfe8 23. Rxe8+ Rxe8 24. Re1 Rxe1 25. Qxe1 Be5 26.
Qe2 Kh7 27. h4 Bf6 28. g3 Ne5 29. Nh2 d3 30. cxd3 Nxd3 31. Nf3 Qd5 32. Qe3 a6 33. Ng5+ Bxg5 34. Qxg5 Ne5 35. Qe3 Qd1+ 36. Kg2 Qd5+ 37. Kg1 Nf3+ 38. Kf1 Nh2+ 39. Kg1 Ng4 40. Qe2 Ne5 41.
Qe3 1/2-1/2

[Event "*** Titled Tuesday Blitz"]
[Site "Chess.com"]
[Date "2021.02.02"]
[Round "7"]
[White "Sjakkerntobi"]
[Black "BL4D3RUNN3R"]
[Result "0-1"]
[WhiteElo "2302"]
[BlackElo "2216"]
[TimeControl "180+1"]
[EndTime "11:18:53 PST"]
[Termination "BL4D3RUNN3R won by resignation"]

1. d4 Nf6 2. c4 g6 3. Nc3 Bg7 4. e4 d6 5. Be3 O-O 6. Be2 e5 7. d5 Na6 8. h4 h5 9. f3 c6 10.
Qd3 cxd5 11. cxd5 Nc5 12. Qd2 a5 13. Bh6 a4 14. g4 hxg4 15. h5 gxf3 16. Bxf3 Ng4 17.
Bxg7 Kxg7 18. hxg6 Rh8 19. O-O-O Rxh1 20. Bxh1 fxg6 21. Nh3 a3 22. b4 Na4 23. Rg1 Qb6 24. Bf3 Nxc3 25. Qxc3 Bd7 26. Bxg4 Rc8 27. Qxc8 Bxc8 28. Bxc8 Qc7+ 29. Kd2 Qxc8 30. Ng5 Qc4 31.
Ne6+ Kf6 32. Ke3 Qxb4 33. Rf1+ Ke7 34. Rf2 Qc3+ 35. Ke2 Qc4+ 36. Ke3 b5 37. Rd2 b4 38. Rd3 Qc1+ 39. Rd2 b3 0-1

[Event "*** Titled Tuesday Blitz"]
[Site "Chess.com"]
[Date "2021.02.02"]
[Round "7"]
[White "Sviridov_Valery"]
[Black "fmshawnrl123"]
[Result "1-0"]
[WhiteElo "2941"]
[BlackElo "2769"]
[TimeControl "180+1"]
[EndTime "11:18:55 PST"]
[Termination "Sviridov_Valery won by resignation"]

1. Nf3 Nf6 2. g3 d5 3. Bg2 e6 4. O-O Be7 5. c4 O-O 6. d4 dxc4 7. Qa4 a6 8. Qxc4 b5 9. Qc2 Bb7 10. Bd2 Ra7 11. Rd1 Nc6 12. Bg5 Qa8 13. Nc3 Nb4 14. Qd2 Nbd5 15. Nxd5 Bxd5 16. Bxf6 Bxf6 17. Rac1 Rd8 18.
Qf4 Bxa2 19. Ne5 Bxe5 20. Qxe5 Bd5 21. e4 Bb3 22. Rd3 Bc4 23. Rdc3 f6 24. Qc5 e5 25. d5 Qb8 26. Qe3 Qb6 27. b3 Qxe3 28. Rxe3 Bxb3 29. Rxb3 Rb8 30. Bf1 Kf8 31. Rc6 Ke7 32. Rbc3 Kd8 33. Ra3 a5 34. Rc5 b4 35. Raxa5 Rxa5 36.
Rxa5 b3 37. Rb5 Rxb5 38. Bxb5 c6 39. dxc6 b2 40. Bd3 Kc7 41. Kf1 Kxc6 42. Ke2 Kc5 43. Ke3 Kb4 44. Kd2 Kb3 45. Bb1 h6 46. h4 g5 47. h5 Kb4 48. Kc2 Kc4 49. Kxb2 Kd4 50.
Kb3 g4 51. Kb2 Kc4 52. Kc2 Kd4 53. Kd2 Kc4 54. Ke3 Kc3 55. Bd3 1-0

[Event "*** Titled Tuesday Blitz"]
[Site "Chess.com"]
[Date "2021.02.02"]
[Round "7"]
[White "KaterinaMiroshnik"]
[Black "Michaelson_11"]
[Result "1-0"]
[WhiteElo "2615"]
[BlackElo "2298"]
[TimeControl "180+1"]
[EndTime "11:18:55 PST"]
[Termination "KaterinaMiroshnik won by resignation"]

1. d3 g6 2. Nf3 Nf6 3. e4 d6 4. Nc3 Bg7 5. Be2 O-O 6. O-O c5 7. h3 Nc6 8. Be3 Nd7 9. Qd2 Nd4 10. Rab1 Ne5 11. Nxe5 dxe5 12. Bxd4 exd4 13. Nd1 e5 14. b3 f5 15. exf5 gxf5 16. Nb2 Qf6 17. Bf3 Qg6 18. Qe2 f4 19. Bg4 f3 20. Bxf3 Bxh3 21. Bxb7 Bg4 22.
Qe4 Rab8 23. Qxg6 hxg6 24. Bd5+ Kh7 25. Nc4 Rbd8 26. Be4 Rf4 27. f3 Be6 28. Kf2 Kg8 29. Bxg6 Rf6 30. Be4 Rh6 31. Rh1 Kf7 32. Rxh6 Bxh6 33.
Rh1 Kg7 34. Nxe5 Be3+ 35. Ke2 a5 36. Rh7+ Kf6 37. Nc6 Rg8 38. g4 Kg5 39. Ne7 Kf4 1-0

[Event "*** Titled Tuesday Blitz"]
[Site "Chess.com"]
[Date "2021.02.02"]
[Round "7"]
[White "Aradej"]
[Black "DinaBelenkaya"]
[Result "1-0"]
[WhiteElo "2538"]
[BlackElo "2388"]
[TimeControl "180+1"]
[EndTime "11:18:56 PST"]
[Termination "Aradej won on time"]

1. d4 d5 2. Nf3 Nf6 3. e3 Bf5 4. Bd3 e6 5. O-O Bd6 6. c4 dxc4 7. Bxf5 exf5 8. Qa4+ Nbd7 9. Qxc4 O-O 10. Nc3 Re8 11. Bd2 c6 12. Rfd1 Ne4 13. Rac1 Nb6 14. Qb3 Qf6 15. a4 Rab8 16. a5 Nd7 17. Be1 Qh6 18. Qc4 Ng5 19. Nxg5 Qxg5 20. a6 Nb6 21. Qf1 Qh5 22. g3 bxa6 23. Qxa6 f4 24. exf4 Qg6 25. Bd2 Re7 26. Re1 Rbe8 27. Rxe7 Rxe7 28. Re1 Rxe1+ 29.
Bxe1 Qc2 30. Qxa7 Qc1 31. Qxb6 Qxe1+ 32. Kg2 h5 33. h4 Qe8 34. Kf3 Qd7 35. Ne4 Kh7 36. Qb3 Qg4+ 37. Ke3 Qd7 38. Nxd6 Qxd6 39. Qxf7 Qb4 40. Qxh5+ Kg8 41. Qe8+ Kh7 42. Qe4+ Kh8 43. Qd3 Qxb2 44. Kf3 Qc1 45. Kg2 1-0

[Event "*** Titled Tuesday Blitz"]
[Site "Chess.com"]
[Date "2021.02.02"]
[Round "7"]
[White "BvsN"]
[Black "sokidze"]
[Result "0-1"]
[WhiteElo "2379"]
[BlackElo "2517"]
[TimeControl "180+1"]
[EndTime "11:18:56 PST"]
[Termination "sokidze won by resignation"]

1. c4 c5 2. Nf3 Nc6 3. e3 Nf6 4. Nc3 e5 5. d4 e4 6. d5 exf3 7.
dxc6 dxc6 8. Qxd8+ Kxd8 9. gxf3 Kc7 10. Be2 Bd6 11. f4 Bf5 12. b3 Rhe8 13. Bb2 Rad8 14. O-O-O Ng4 15. Rhf1 h5 16. h3 Nf6 17. Rg1 g6 18. Nb5+ cxb5 19. Bxf6 Rd7 20. cxb5 Bxh3 21. Bc4 Be6 22. Rg5 Bxc4 23. bxc4 Re4 24. Rgd5 Rxc4+ 25. Kb2 Rb4+ 26. Kc2 Rxb5 27. Be5 Rb6 28. Kc3 Bxe5+ 29.
fxe5 Rxd5 30. Rxd5 Rc6 31. e6 Rxe6 32. Kc4 b6 33. Rg5 Rf6 34. f4 Kc6 35. Re5 Re6 36. Rg5 Rxe3 37. f5 Re5 0-1

[Event "*** Titled Tuesday Blitz"]
[Site "Chess.com"]
[Date "2021.02.02"]
[Round "7"]
[White "petrkostenko"]
[Black "Agoking701"]
[Result "0-1"]
[WhiteElo "2438"]
[BlackElo "2319"]
[TimeControl "180+1"]
[EndTime "11:18:56 PST"]
[Termination "Agoking701 won by resignation"]

1. e4 c5 2. Nf3 d6 3. d4 cxd4 4. Nxd4 Nf6 5. Nc3 Nbd7 6. g4 Nc5 7. f3 h6 8. h4 a6 9. Rg1 g6 10. Be3 b5 11. g5 hxg5 12. hxg5 Nfd7 13. b4 Na4 14. Nxa4 bxa4 15. c4 a3 16. Qa4 Bg7 17. Qxa3 Bb7 18. Rc1 a5 19. b5 Nc5 20. Be2 Rh2 21. Nb3 Ne6 22. c5 dxc5 23. Nxc5 Nxc5 24.
Bxc5 Rc8 25. b6 Bd4 26. Rf1 Rxc5 27. Rxc5 Qxb6 28. Rb5 Qc7 29. Rb3 Qc2 30. Re3 Bxe3 31. Qxe3 Qb1+ 32. Bd1 Qb4+ 0-1